 Dungeon Crawl Stone Soup version 0.31-a0-544-gceb718ecc6 (webtiles) character file.

Game seed: 17133863446268956940

185 BubbleThief the Changeling (level 5, -2/41 HPs)
             Began as a Merfolk Shapeshifter on Aug 16, 2023.
             Slain by an orc wizard
             ... wielding a +0 dagger
              (3 damage)
             ... on level 4 of the Dungeon.
             The game lasted 00:03:03 (2241 turns).

BubbleThief the Changeling (Merfolk Shapeshifter)   Turns: 2241, Time: 00:03:03

Health: -2/41      AC:  6    Str: 17    XL:     5   Next: 64%
Magic:  5/5        EV: 13    Int:  7    God:
Gold:   133        SH:  0    Dex: 15    Spells: 4/4 levels left

rFire   . .          .
                       - Unarmed
rCold   + . .        (no shield)
rNeg    . . .        a - +0 animal skin
rPois   .            (helmet currently unavailable)
rElec   .            (cloak currently unavailable)
rCorr   .            (gloves currently unavailable)
SInv    .            (boots currently unavailable)
Will    .....        (no amulet)
Stlth   +            o - +4 ring of protection
HPRegen 0.26/turn    e - ring of protection from cold
MPRegen 0.09/turn

%: no passive effects
@: beast-form
A: beast (slay +3), (nimble swimmer 2), mertail
a: Begin Untransformation


You were on level 4 of the Dungeon.
You were a hulking beast.
You visited 1 branch of the dungeon, and saw 4 of its levels.

You collected 133 gold pieces.

Inventory:

Armour
 a - a +0 animal skin (worn)
Jewellery
 e - a ring of protection from cold (right hand)
 o - a +4 ring of protection (left hand)
Talismans
 c - a beast talisman (active)
 d - a flux talisman
Scrolls
 f - 2 scrolls of noise {unknown}
 g - 3 scrolls of identify {unknown}
 i - 2 scrolls of teleportation {unknown}
 k - a scroll of fog {unknown}
 l - 2 scrolls of poison {unknown}
 n - 2 scrolls of immolation {unknown}
Potions
 b - a potion of lignification
 h - a potion of curing
 j - a potion of heal wounds
 m - a potion of haste {unknown}
 p - a potion of attraction {unknown}


   Skills:
 + Level 3.0 Fighting
 + Level 4.3 Dodging
 + Level 4.4 Unarmed Combat
 + Level 4.9 Shapeshifting


You had 4 spell levels left.
You didn't know any spells.
Your spell library contained the following spells:

 Spells                   Type           Power      Damage    Failure   Level
 Inner Flame              Hex/Fire       0%         N/A       80%         3
 Ozocubu's Armour         Ice            0%         N/A       80%         3
 Yara's Violent Unravell  Hex/Tmut       0%         3d3       100%        5
 Enfeeble                 Hex            0%         N/A       100%        7
 Ozocubu's Refrigeration  Ice            0%         4d7       100%        7


Dungeon Overview and Level Annotations

Branches:
Dungeon (4/15)
 Temple: D:4-7

Altars:
Okawaru
Uskayaw

Shops:
D:3 *   D:4 *

Annotations:
D:2 1 runed translucent door, Crazy Yiuf


Innate Abilities, Weirdness & Mutations

You are a hulking beast.
Your limbs bulge with bestial killing power. (Slay +3)
((You are very nimble when in or above water. (Stealth+, EV+, Speed+++)))
Your lower body shifts to a powerful aquatic tail in water.


Message History

Something hits you.
Unknown command.
You closely miss the goblin. The goblin hits you but does no damage.
You hear some strange, mumbled words.
A puff of flame appears from out of thin air!
The puff of flame misses you.
The puff of flame hits the goblin!
The goblin dies!
A goblin comes into view.
It is wielding a +2 dagger of distortion.
The goblin shoots a sling bullet.
The sling bullet closely misses you.
You hear a shout!
The goblin no longer looks unusually strong.
The goblin hits you but does no damage.
The goblin unwields a +0 sling.
The goblin wields a +0 club.
The goblin hits you but does no damage.
Items here: ))) [[ ††††.
You hit something but do no damage.
The goblin no longer looks unusually strong. x2
The goblin closely misses you. Something hits you but does no damage.
A kobold comes into view. It is wielding a +0 dagger.
You barely miss something.
The goblin no longer looks unusually strong. x2
The goblin barely misses you. Something hits you.
The goblin hits you but does no damage.
You miss something. The goblin barely misses you.
You hear some strange, mumbled words.
A puff of flame appears from out of thin air!
The puff of flame hits you!
* * * LOW HITPOINT WARNING * * *
The goblin hits you but does no damage.
You barely miss something. The goblin hits you but does no damage.
You hit something but do no damage. The goblin hits you with a +0 club.
* * * LOW HITPOINT WARNING * * *
Something barely misses you. The goblin hits you with a +0 club.
* * * LOW HITPOINT WARNING * * *
Unknown command.
You closely miss something.
An orc wizard appears from thin air!
Reactivating autopickup.
The goblin hits you with a +0 club.
* * * LOW HITPOINT WARNING * * *
The orc wizard hits you with a +0 dagger.
You die...

....... ..# .......
#∩# ...... ### .....
... #o.. ####### #
... .....
.[#..#.###########K#
........).)))ohgggg#
:.#.....#.).###g#g##
#.........#####
8......##.....#
8.........##..######
~.<.......##..#~~~~#
~~~~.........~~~≈≈~#
≈≈≈~~~~.#.~~~~≈≈≈≈~#
≈≈≈≈~~~~~≈≈≈≈≈~~~#


You could see an orc wizard, a hobgoblin, 5 goblins and a kobold.

Vanquished Creatures
  An orc priest (D:3)
  Jessica (D:2)
  An orc wizard (D:3)
  Robin (D:4)
  2 adders
  A worm (D:2)
  2 dart slugs (D:3)
  8 orcs
  4 ball pythons
  A bat (D:1)
  7 endoplasms
  A giant cockroach (D:2)
  6 goblins
  7 hobgoblins
  6 kobolds
  2 quokkas
  A frilled lizard (D:1)
  5 rats
57 creatures vanquished.

Vanquished Creatures (others)
  An orc (D:4)
  2 goblins (D:4)
3 creatures vanquished.

Grand Total: 60 creatures vanquished

Notes
Turn   | Place    | Note
-------+----------+-------------------------------------------
     0 | D:1      | BubbleThief the Merfolk Shapeshifter began the quest for
                  | the Orb.
     0 | D:1      | Reached XP level 1. HP: 15/15 MP: 1/1
   236 | D:1      | Reached XP level 2. HP: 21/21 MP: 2/2
   880 | D:2      | Noticed Jessica
   887 | D:2      | Reached XP level 3. HP: 23/27 MP: 3/3
   897 | D:2      | HP: 1/27 [Jessica/+0 club (3)]
   899 | D:2      | Killed Jessica
  1131 | D:2      | Found a runed translucent door.
  1132 | D:2      | Noticed Crazy Yiuf
  1178 | D:2      | Found a hide-covered altar of Uskayaw.
  1200 | D:2      | Reached XP level 4. HP: 29/33 MP: 4/4
  1915 | D:3      | Reached XP level 5. HP: 38/39 MP: 5/5
  1973 | D:3      | Found an iron altar of Okawaru.
  2007 | D:3      | Found Xuthreoga's Assorted Antiques.
  2208 | D:4      | Found Amnijonn's General Store.
  2216 | D:4      | Noticed Robin
  2216 | D:4      | HP: 2/40 [goblin/sling bullet[Robin] (4)]
  2230 | D:4      | Killed Robin
  2240 | D:4      | HP: 2/41 [goblin/+0 club[Robin] (4)]
  2241 | D:4      | Slain by an orc wizard

Illustrated notes

Levels and vault maps discovered:
D:1:      dpeg_arrival_tiny_f, layout_loops_ring
D:2:      layout_rooms, basic_altar, amcnicky_mini_rare_corridor_liquid,
          corexii_hall_statues_x, uniq_jessica, uniq_crazy_yiuf_cottage
D:3:      layout_loops_ring, okawaru_metal_pillars_1_2, serial_shops,
          nicolae_shop_advertising_works [nicolae_subvault_shop_adworks]
D:4:      wander_river, layout_cave_pools, minmay_temple_entry_offerings,
          nicolae_inconvenience_store, uniq_pikel, uniq_edmund, uniq_robin

Skill      XL: |  1  2  3  4  5 |
---------------+----------------+-----
Dodging        | 3 4 |  4.3
Fighting       | 2 3 |  3.0
Unarmed Combat | 4 |  4.4
Shapeshifting  | |  4.9

Action                     |  1- 3 |  4- 6 || total
---------------------------+-------+-------++-------
  Melee: Unarmed           |    63 |    96 ||   159
         Punch             |       |     5 ||     5
    Use: Potion            |       |     2 ||     2
   Stab: Sleeping          |     1 |     1 ||     2
 Armour: Animal skin       |    10 |    50 ||    60
  Dodge: Dodged            |    27 |    72 ||    99

Table legend: (Time is in decaauts)
 A = Elapsed time spent in this place.
 B = Non-inter-level travel time spent in this place.
 C = Inter-level travel time spent in this place.
 D = Time resting spent in this place.
 E = Time spent auto-exploring this place.
 F = Levels seen in this place.
 G = Mean time per level.
                   A        B        C        D        E       F      G
               +--------+--------+--------+--------+--------+-----+--------+
         Total |   2224 |   2147 |     77 |      0 |   1775 |   4 |  556.0 |
       Dungeon |   2224 |   2147 |     77 |      0 |   1775 |   4 |  556.0 |
               +--------+--------+--------+--------+--------+-----+--------+

Top non-repeatable levels by time:
     D:1: 868 daAuts
     D:2: 694 daAuts
     D:3: 581 daAuts
     D:4: 80 daAuts
